 Dungeon Crawl Stone Soup version 0.20.1-1-g8b1a95d (webtiles) character file.

84 Meenos the Shooter (level 4, -1/36 HPs)
             Began as a Centaur Arcane Marksman on Nov 4, 2017.
             Killed by divine providence
             ... invoked by an orc priest
              (11 damage)
             ... on level 3 of the Dungeon on Nov 5, 2017.
             The game lasted 00:30:30 (2270 turns).

Meenos the Shooter (Centaur Arcane Marksman)        Turns: 2270, Time: 00:30:30

Health: -1/36      AC:  4    Str: 12    XL:     4   Next: 24%
Magic:  2/5        EV: 10    Int: 12    God:
Gold:   85         SH:  0    Dex: 11    Spells: 2/5 levels left

rFire    . . .     SeeInvis .   i - +0 dagger
rCold    + . .     Gourm    .   (no shield)
rNeg     . . .     Faith    .   e - +0 robe
rPois    .         Spirit   .   (no helmet)
rElec    .         Reflect  .   (no cloak)
rCorr    .         Harm     .   (no gloves)
MR       .....                  (no barding)
Stlth    +.........             (no amulet)
Regen    0.2/turn               v - ring of protection from cold
MPRegen  0.1/turn               w - ring of wizardry

@: very quick
A: hooves 3, deformed body, speed 2, tough skin 3
a: no special abilities


You were on level 3 of the Dungeon.
You were not hungry.

You visited 1 branch of the dungeon, and saw 3 of its levels.

You collected 85 gold pieces.

Inventory:

Hand Weapons
 a - a +0 shortbow
 i - a +0 dagger (weapon)
Missiles
 o - 50 stones (quivered)
 p - 12 arrows
 r - 21 bolts
 s - 12 poisoned needles
Armour
 e - a +0 robe (worn)
 q - a +0 ring mail
 t - a +0 ring mail
Jewellery
 v - a ring of protection from cold (left hand)
 w - a ring of wizardry (right hand)
Wands
 d - a wand of polymorph (6/24)
Scrolls
 b - 2 scrolls of immolation {unknown}
 g - 3 scrolls of identify {unknown}
 k - a scroll of blinking {unknown}
 l - a scroll of fear {unknown}
 m - 2 scrolls of teleportation {unknown}
Potions
 h - 3 potions of curing {unknown}
 j - a potion of lignification {unknown}
 n - a potion of might
 u - a potion of heal wounds {unknown}
Books
 c - a book of Debilitation

   Spells                             Type                      Level
   a - Corona                         Hexes                        1
   b - Slow                           Hexes                        2
   c - Inner Flame                    Hexes/Fire                   3
   d - Portal Projectile              Hexes/Translocation          3
   e - Cause Fear                     Hexes                        4
   f - Leda's Liquefaction            Hexes/Earth                  4
Comestibles
 f - 3 bread rations
 x - a royal jelly


   Skills:
 + Level 1.9 Fighting
 + Level 4.6 Bows
 - Level 1.3 Dodging
 + Level 1.1 Spellcasting
 + Level 3.3 Hexes


You had 2 spell levels left.
You knew the following spells:

 Your Spells              Type           Power        Failure   Level  Hunger
a - Corona                Hex            #......      3%          1    ##.....
b - Slow                  Hex            #.......     4%          2    ###....


Dungeon Overview and Level Annotations

Branches:
Dungeon (3/15)

Altars:


Innate Abilities, Weirdness & Mutations

You have hooves in place of feet.
Armour fits poorly on your strangely shaped body.
You cover ground very quickly.
You have extremely tough skin. (AC +3)


Message History

The orc priest mumbles some strange prayers to Beogh against you.
Beogh smites you!
* * * LOW HITPOINT WARNING * * *
Casting: Corona
Confirm with . or Enter, or press ? or * to list all spells.
Aiming: Corona
Press: ? - help, Shift-Dir - straight line, f/p - orc priest
Aim: an orc priest, wielding a whip (heavily wounded, chance to defeat MR: 43%)
The orc priest is outlined in light.
Casting: Corona
Confirm with . or Enter, or press ? or * to list all spells.
Aiming: Corona
Press: ? - help, Shift-Dir - straight line, f - orc, p - orc priest
Aim: an orc (chance to defeat MR: 61%)
The orc struggles to resist.
The orc barely misses you.
You hit the orc.
The orc is lightly wounded.
The orc priest invokes the aid of Beogh against you.
Beogh smites you!
You die...

#..# #..# #..## .
#... .. ##.## ...
######...########o.
#............#oo.
#.####...#.†.#.##
#.# #........@o.#
#.##..........#..#
####<##..#########
## .[.†.##.#
#######. #.


You could see an orc priest and 3 orcs.

Vanquished Creatures
  Robin (D:2)
  An adder (D:2)
  2 worms (D:2)
  2 dart slugs
  A leopard gecko (D:1)
  An orc (D:3)
  4 giant cockroaches
  9 goblins
  8 hobgoblins
  2 jackals (D:2)
  5 kobolds
  5 bats
  A frilled lizard (D:1)
  11 rats
53 creatures vanquished.

Notes
Turn   | Place    | Note
-------+----------+-------------------------------------------
     0 | D:1      | Meenos the Centaur Arcane Marksman began the quest for the Orb.
     0 | D:1      | Reached XP level 1. HP: 16/16 MP: 2/2
   273 | D:1      | Reached XP level 2. HP: 8/23 MP: 3/3
   844 | D:1      | Reached skill level 3 in Bows
  1159 | D:2      | Learned a level 2 spell: Slow
  1254 | D:2      | Reached XP level 3. HP: 28/28 MP: 0/4
  1291 | D:2      | Noticed Robin
  1323 | D:2      | Reached skill level 4 in Bows
  1337 | D:2      | Killed Robin
  1558 | D:2      | Reached XP level 4. HP: 29/35 MP: 2/5
  2270 | D:3      | Killed from afar by an orc priest

Skill      XL: |  1  2  3 |
---------------+----------+-----
Hexes          | 3 |  3.3
Bows           | 3 4 |  4.6
Fighting       | |  1.9
Dodging        | |  1.3
Spellcasting   | |  1.1

Action                   |  1- 3 |  4- 6 || total
-------------------------+-------+-------++-------
Melee: Dagger            |    29 |    52 ||    81
       Kick              |     5 |    10 ||    15
 Fire: Shortbow          |    98 |       ||    98
Throw: Stone             |     3 |    18 ||    21
 Cast: Corona            |     9 |    10 ||    19
       Slow              |     2 |       ||     2
  Use: Potion            |     1 |       ||     1
  Eat: Bread ration      |     1 |       ||     1
Armor: Robe              |    25 |     8 ||    33
Dodge: Dodged            |    30 |    21 ||    51
